Map: Triton LE

Players

INnoVation - Winner!

  • Race: Terran Terran
  • League: Grandmaster
  • Spawn Location: 11:00

soO

  • Race: Zerg Zerg
  • Spawn Location: 5:00

VOD

Have the link to the VOD?

Description

Time

  • Played on: Jan. 16, 2020, 5:43 a.m.
  • Length: 29:48
Show
View Real Time Build Order
Export as new Build Order

INnoVation Terran - Winner!

Build Orders: Hellion Opening, Reaper Expand, Mech 

Get SALT Encoding   

  12  0:00  SCV  
  13  0:12  SCV  
  14  0:17  Supply Depot  
  14  0:24  SCV  
  15  0:38  SCV  
  15  0:39  Barracks  
  16  0:42  Refinery  
  16  0:50  SCV  
  17  1:02  SCV  
  18  1:15  SCV  
  19  1:26  Reaper  
  19  1:27  Orbital Command  
  20  1:38  Command Center  
  20  1:51  Supply Depot  
  20  1:52  SCV  
  21  1:58  Marine  
  22  2:04  SCV  
  22  2:08  Factory  
  23  2:11  Refinery  
  23  2:17  SCV  
  23  2:20  Barracks Reactor  
  24  2:29  SCV  
  25  2:42  SCV  
  26  2:50  Orbital Command  
  26  2:53  Starport  
  26  2:54  SCV  
  27  3:00  Hellion x2  
  31  3:06  SCV  
  32  3:21  SCV x2, Hellion  
  32  3:22  Hellion  
  38  3:29  Fusion Core  
  38  3:34  SCV x2  
  40  3:35  Supply Depot  
  39  3:43  Hellion x2  
  39  3:45  Starport Tech Lab  
  39  3:47  SCV x2  
  45  3:59  SCV x2  
  45  4:01  Supply Depot  
  47  4:13  SCV x2  
  49  4:22  Battlecruiser  
  55  4:26  Command Center  
  55  4:28  SCV x2  
  57  4:31  Supply Depot  
  57  4:37  Refinery  
  57  4:39  Refinery  
  57  4:40  SCV  
  57  4:41  SCV  
  57  4:45  Hellion  
  61  4:49  Supply Depot  
  62  4:52  SCV  
  62  4:53  SCV, Hellion  
  65  5:05  Factory  
  65  5:06  Factory  
  65  5:08  SCV x2  
  65  5:13  Hellion  
  68  5:21  SCV x2  
  68  5:27  Battlecruiser  
  74  5:33  SCV x2  
  76  5:36  Supply Depot  
  76  5:41  Weapon Refit  
  76  5:45  SCV x2  
  76  5:48  Hellion x2, Orbital Command  
  72  5:58  SCV x2  
  68  6:04  Factory Tech Lab  
  68  6:05  Factory Tech Lab  
  68  6:09  Hellion x2  
  68  6:10  SCV x2  
  74  6:16  Orbital Command  
  74  6:22  SCV x2  
  74  6:23  Siege Tank  
  74  6:24  Siege Tank  
  82  6:29  Refinery x2  
  82  6:30  Hellion  
  82  6:31  Hellion  
  86  6:35  Battlecruiser  
  86  6:37  Supply Depot  
  86  6:38  SCV x2  
  86  6:39  Supply Depot  
  93  6:45  SCV  
  92  6:50  SCV x2  
  88  6:55  Engineering Bay  
  88  6:57  SCV  
  89  7:02  SCV x2, Siege Tank x2  
  89  7:05  Hellion x2  
  101  7:09  SCV  
  101  7:14  SCV x2  
  104  7:16  Supply Depot  
  104  7:17  Armory  
  104  7:18  Armory  
  104  7:24  SCV  
  104  7:26  SCV x2, Hellion  
  104  7:27  Hellion  
  103  7:37  Missile Turret, Siege Tank x2  
  103  7:41  Missile Turret  
  103  7:43  SCV x2  
  103  7:44  SCV  
  112  7:46  Supply Depot  
  112  7:48  Supply Depot, Hellion x2  
  116  7:52  Missile Turret  
  116  8:01  SCV x3  
  119  8:06  Missile Turret, Terran Vehicle And Ship Armor Level 1, Terran Vehicle Weapons Level 1  
  119  8:07  Sensor Tower  
  119  8:10  Siege Tank x2  
  125  8:14  Supply Depot  
  125  8:16  Supply Depot, Hellion  
  125  8:17  Hellion  
  128  8:23  SCV x2  
  115  8:36  Missile Turret  
  115  8:42  Command Center  
  115  8:43  Siege Tank x2  
  119  8:50  SCV x3  
  111  8:58  Missile Turret  
  111  9:00  Barracks Reactor  
  111  9:01  Starport Reactor  
  111  9:03  Factory x2  
  111  9:11  Hellion  
  111  9:15  Siege Tank x2  
  111  9:16  Infernal Pre-Igniter  
  121  9:17  Hellion  
  121  9:32  Hellion  
  125  9:38  Hellion  
  125  9:42  Command Center  
  125  9:51  Siege Tank  
  134  9:53  Supply Depot  
  134  9:54  Supply Depot, Hellion  
  134  9:55  Hellion x2  
  134  9:57  Thor x2  
  148  10:00  Hellion  
  148  10:02  SCV x3  
  145  10:14  SCV x3  
  145  10:18  Refinery  
  145  10:20  Planetary Fortress  
  148  10:24  Missile Turret  
  148  10:25  Missile Turret  
  148  10:26  Siege Tank  
  148  10:27  Missile Turret, Terran Vehicle Weapons Level 2, Hellion x4, Terran Vehicle And Ship Armor Level 2  
  148  10:28  SCV x3  
  161  10:31  Smart Servos  
  161  10:32  Refinery  
  160  10:40  SCV  
  161  10:48  Missile Turret  
  161  10:51  Sensor Tower  
  161  10:52  Thor  
  161  10:54  Hellion x4  
  168  11:10  SCV x3  
  159  11:16  Thor x2  
  159  11:20  SCV  
  159  11:22  SCV  
  159  11:23  SCV  
  162  11:25  Missile Turret  
  162  11:27  Missile Turret, Hellion x2  
  166  11:34  SCV x2  
  166  11:35  SCV  
  166  11:38  Siege Tank  
  172  11:41  Missile Turret  
  172  11:46  Sensor Tower  
  172  11:58  Barracks Reactor  
  172  11:59  Siege Tank  
  172  12:00  SCV, Factory  
  172  12:01  SCV x2, Factory, Planetary Fortress  
  178  12:03  Factory  
  178  12:04  Refinery  
  178  12:05  Refinery  
  178  12:06  Missile Turret  
  178  12:08  Missile Turret x2  
  178  12:12  Viking, Hellion x4  
  178  12:14  Viking  
  190  12:17  Starport, Hellion x13  
  190  12:18  SCV  
  190  12:19  SCV x2  
  197  12:26  Sensor Tower  
  197  12:31  SCV  
  197  12:32  SCV x2  
  197  12:36  Thor  
  200  12:46  Terran Vehicle Weapons Level 3  
  200  12:48  Starport  
  200  12:49  Terran Ship Weapons Level 1  
  198  12:58  Starport Reactor  
  198  12:59  Factory Tech Lab x2, Command Center  
  198  13:08  Command Center  
  198  13:09  Command Center  
  196  13:17  Thor  
  192  13:21  Thor, Viking  
  192  13:22  Viking  
  200  13:28  Command Center  
  200  13:30  Sensor Tower  
  200  13:32  Thor  
  200  13:35  Starport Reactor  
  200  13:40  Thor  
  194  13:41  Thor  
  194  13:47  Neosteel Armor  
  199  13:59  Missile Turret  
  199  14:01  Missile Turret  
  199  14:05  Missile Turret x2  
  199  14:07  Missile Turret  
  199  14:08  Missile Turret  
  199  14:09  Missile Turret  
  199  14:19  Orbital Command x2  
  199  14:45  Planetary Fortress  
  199  14:47  Refinery x2  
  199  14:54  Terran Vehicle And Ship Armor Level 3  
  199  14:55  Command Center  
  199  14:56  Command Center  
  199  14:57  Advanced Ballistics  
  199  14:58  Command Center  
  199  15:00  Planetary Fortress  
  199  15:11  Viking  
  199  15:13  Viking x3  
  181  15:21  Command Center  
  181  15:23  Terran Ship Weapons Level 2  
  179  15:28  Command Center  
  179  15:40  SCV x4  
  183  15:46  Siege Tank  
  183  15:47  Viking x3, Siege Tank  
  195  15:50  Siege Tank  
  195  15:54  Orbital Command  
  198  15:59  Missile Turret  
  198  16:02  Sensor Tower  
  198  16:07  Hellion x3  
  198  16:08  Hellion x5  
  196  16:14  Barracks  
  195  16:19  Hellion  
  195  16:20  Siege Tank  
  200  16:38  Refinery  
  200  16:46  Hellion x8  
  200  16:55  Planetary Fortress  
  200  16:56  Planetary Fortress  
  196  17:21  Missile Turret  
  192  17:24  Siege Tank  
  192  17:25  Viking x2  
  192  17:27  SCV  
  200  17:36  Viking  
  200  17:42  Refinery  
  200  17:46  Refinery  
  198  17:57  Thor  
  191  17:58  Thor  
  191  18:01  Thor, Siege Tank x2  
  197  18:07  Orbital Command x2  
  197  18:16  Command Center  
  197  18:18  Command Center  
  194  18:26  Hellion x3  
  200  18:28  Terran Ship Weapons Level 3  
  200  18:38  Missile Turret  
  200  18:40  Missile Turret  
  200  19:04  Command Center  
  200  19:06  Command Center  
  191  19:42  Thor x2  
  196  19:47  Thor, Viking  
  196  19:48  Viking x3  
  196  19:51  Thor  
  196  19:52  Thor  
  195  19:53  Hellion x2  
  195  19:54  Hellion x3  
  195  19:59  Hellion  
  154  20:13  SCV x4  
  156  20:15  Hellion  
  158  20:25  Thor x2, Hellion x4  
  158  20:26  Hellion  
  176  20:30  Thor  
  176  20:34  Siege Tank  
  176  20:35  Siege Tank  
  166  20:39  Hellion  
  166  20:42  Planetary Fortress  
  156  20:45  Orbital Command x3  
  156  20:46  Hellion x2  
  156  20:47  Hellion  
  160  21:02  Hellion x2  
  160  21:03  Hellion  
  166  21:06  Siege Tank  
  166  21:07  Siege Tank  
  166  21:08  Hellion x3, Siege Tank x2  
  184  21:13  Siege Tank  
  186  21:21  Refinery  
  186  21:22  Refinery  
  186  21:28  Hellion x3  
  186  21:29  Hellion  
  194  21:35  Hellion x13  
  194  21:36  Hellion  
  198  21:53  Thor  
  196  22:11  Thor  
  196  22:19  Command Center  
  196  22:40  Missile Turret  
  192  22:52  Hellion x21  
  192  22:55  Thor  
  198  23:01  Missile Turret  
  198  23:21  Missile Turret  
  198  23:30  Missile Turret  
  198  23:32  Thor, Refinery, Sensor Tower  
  198  23:33  Refinery  
  200  23:34  Planetary Fortress  
  200  23:41  Missile Turret  
  198  23:52  Command Center  
  198  23:59  Thor  
  198  24:00  Missile Turret  
  196  24:04  Siege Tank  
  191  24:54  Thor x2  
  191  24:58  Thor  
  197  25:06  Thor x2  
  156  25:07  Viking x2  
  156  25:08  Viking x4  
  156  25:09  Hellion  
  156  25:10  Hellion x5  
  133  25:31  Hellion  
  133  25:34  Hellion x2  
  133  25:35  Hellion x3  
  135  25:37  Viking x2, Siege Tank  
  135  25:38  Viking x4, Siege Tank  
  135  25:41  Siege Tank  
  152  25:45  Command Center  
  152  25:49  Thor x2  
  164  25:52  Hellion  
  164  25:56  Hellion x4  
  153  26:06  Planetary Fortress  
  153  26:10  SCV x3, Siege Tank x2  
  153  26:11  SCV x3  
  161  26:12  Orbital Command  
  161  26:13  SCV, Thor  
  161  26:16  Viking x5  
  161  26:17  Viking  
  168  26:19  Hellion x2  
  168  26:20  Hellion x4  
  168  26:24  Orbital Command  
  180  26:28  SCV x2  
  180  26:29  SCV x3  
  180  26:32  Thor x2  
  197  26:42  Siege Tank  
  200  26:54  Missile Turret  
  198  27:23  Viking  
  198  27:26  Viking  
  154  28:36  Viking x2  
  154  28:37  Viking x4  
  154  28:38  Thor x5  
  154  28:39  Hellion x6  
  127  29:00  Hellion x6  
  127  29:21  Hellion x3  
  127  29:22  Hellion x2  
Show
View Real Time Build Order
Export as new Build Order

soO Zerg 

Build Orders: Pool First 

Get SALT Encoding   

  12  0:00  Drone  
  13  0:12  Overlord  
  13  0:16  Drone  
  14  0:30  Drone x2  
  16  0:40  Spawning Pool  
  15  0:43  Drone  
  15  0:47  Drone  
  17  0:56  Drone  
  18  1:01  Extractor  
  17  1:06  Drone  
  18  1:16  Hatchery  
  17  1:22  Drone  
  18  1:27  Zergling x2  
  18  1:30  Queen  
  21  1:39  Drone  
  22  1:49  Overlord  
  22  2:06  Queen  
  24  2:09  Drone  
  24  2:14  Drone  
  26  2:17  Metabolic Boost  
  26  2:22  Drone  
  28  2:30  Hatchery, Drone  
  28  2:34  Drone  
  29  2:37  Drone x2  
  29  2:40  Drone  
  31  2:47  Queen  
  33  2:52  Overlord  
  33  2:55  Drone  
  33  2:57  Drone  
  35  2:59  Drone  
  36  3:14  Drone x2  
  36  3:17  Drone  
  36  3:18  Drone  
  40  3:20  Drone  
  40  3:22  Overlord  
  40  3:26  Drone x2  
  42  3:30  Queen  
  44  3:37  Overlord  
  44  3:41  Zergling x2  
  44  3:43  Queen, Drone  
  44  3:45  Zergling x6  
  51  3:50  Drone  
  51  3:53  Drone x2  
  51  3:54  Drone  
  55  3:56  Drone  
  55  3:58  Drone x2  
  55  4:00  Zergling x2  
  59  4:11  Drone  
  59  4:12  Drone x2, Queen  
  59  4:14  Overlord  
  59  4:15  Lair, Drone  
  65  4:21  Roach Warren  
  64  4:24  Overlord  
  64  4:27  Drone x2  
  64  4:30  Extractor, Drone  
  66  4:33  Queen  
  66  4:37  Zergling x2  
  66  4:38  Zergling x2  
  70  4:45  Drone x2  
  71  4:47  Drone x3  
  71  4:52  Overlord x2  
  74  4:54  Overlord  
  74  4:56  Overlord  
  74  5:02  Overlord  
  74  5:04  Overlord  
  74  5:05  Extractor, Drone  
  74  5:07  Extractor, Drone  
  74  5:10  Overlord  
  74  5:13  Drone x3  
  77  5:17  Drone  
  77  5:18  Drone  
  77  5:19  Drone  
  77  5:20  Drone  
  77  5:21  Spire  
  78  5:23  Spore Crawler  
  78  5:24  Spore Crawler x2  
  78  5:26  Roach x3  
  78  5:27  Drone  
  80  5:36  Roach x2  
  80  5:40  Extractor x2, Drone  
  80  5:42  Drone  
  81  5:48  Roach x2  
  80  5:53  Drone  
  76  5:59  Drone x3  
  76  6:00  Drone x2  
  76  6:01  Drone x2  
  80  6:05  Drone x2  
  80  6:06  Drone  
  80  6:07  Drone x2  
  85  6:14  Glial Reconstitution  
  85  6:20  Overlord  
  85  6:23  Overlord  
  85  6:25  Overlord  
  85  6:26  Drone  
  85  6:30  Evolution Chamber, Overlord  
  85  6:41  Hatchery  
  85  6:45  Corruptor x5  
  92  6:50  Corruptor  
  92  6:51  Corruptor  
  92  6:56  Corruptor  
  92  6:59  Zerg Missile Weapons Level 1  
  88  7:07  Roach  
  88  7:08  Roach x5  
  100  7:09  Zergling x4  
  102  7:16  Corruptor  
  102  7:18  Roach  
  102  7:19  Overlord  
  103  7:30  Drone  
  103  7:31  Drone x5  
  103  7:36  Roach x5  
  118  7:42  Ravager x3  
  121  7:44  Roach x3  
  126  7:51  Roach x4  
  126  7:54  Roach  
  132  7:59  Roach x3  
  132  8:02  Ravager  
  132  8:04  Zergling x2, Roach x2  
  144  8:06  Roach  
  144  8:07  Zergling x2  
  144  8:12  Roach x3  
  153  8:15  Roach x2  
  156  8:21  Roach  
  156  8:24  Roach x2  
  138  8:30  Drone x5  
  138  8:32  Extractor  
  138  8:33  Corruptor x2  
  146  8:35  Drone x2  
  146  8:38  Drone x2  
  146  8:40  Drone x3  
  147  8:54  Corruptor x4  
  132  8:56  Drone x2  
  132  8:58  Extractor  
  132  9:01  Corruptor  
  131  9:05  Drone  
  131  9:06  Drone x2  
  131  9:09  Corruptor  
  134  9:12  Corruptor  
  134  9:14  Drone x3  
  141  9:23  Zerg Missile Weapons Level 2  
  141  9:25  Hatchery  
  141  9:26  Roach x3  
  141  9:28  Drone  
  147  9:37  Roach x7  
  161  9:46  Roach  
  161  9:47  Roach x2  
  161  9:49  Overlord x2  
  161  9:50  Overlord  
  161  9:51  Ravager  
  168  10:05  Corruptor  
  162  10:08  Zergling x6, Roach x2  
  162  10:09  Roach  
  162  10:11  Drone x2  
  162  10:13  Baneling Nest  
  172  10:14  Infestation Pit  
  171  10:23  Zergling x12, Roach  
  171  10:24  Roach  
  181  10:29  Drone x2  
  181  10:34  Overlord  
  183  10:41  Ravager x3  
  183  10:42  Ravager  
  185  10:43  Zergling x24  
  197  10:52  Hive  
  160  11:21  Roach x10  
  160  11:24  Drone x5  
  185  11:26  Drone x2  
  187  11:35  Ravager x3  
  187  11:36  Baneling x6  
  187  11:37  Baneling x4  
  187  11:38  Centrifical Hooks  
  190  11:40  Zerg Melee Weapons Level 1  
  190  11:41  Drone  
  190  11:45  Overlord  
  192  11:47  Drone x2  
  192  11:53  Zergling x10  
  198  11:55  Overlord  
  198  11:58  Spine Crawler  
  197  12:02  Drone  
  197  12:03  Spine Crawler  
  197  12:04  Spine Crawler  
  197  12:06  Adrenal Glands  
  196  12:09  Hatchery, Greater Spire  
  188  12:33  Viper x3  
  197  12:37  Hatchery x2  
  197  12:39  Evolution Chamber  
  197  12:40  Zergling x10  
  199  12:46  Extractor  
  199  12:47  Ravager  
  199  12:49  Extractor  
  189  13:23  Drone  
  189  13:25  Drone x2  
  182  13:37  Drone x3  
  182  13:39  Drone x7  
  188  13:54  Zerg Melee Weapons Level 2  
  188  13:55  Zerg Missile Weapons Level 3  
  187  14:03  Zergling x2  
  187  14:04  Zergling x22  
  187  14:09  Zerg Flyer Weapons Level 1  
  199  14:11  Ultralisk Cavern  
  198  14:17  Zergling x2  
  199  14:26  Spire  
  199  14:30  Drone  
  199  14:36  Hatchery  
  198  14:40  Drone  
  198  14:43  Overseer, Burrow  
  199  14:47  Extractor  
  199  14:49  Extractor  
  199  14:50  Baneling x6  
  199  14:51  Baneling  
  197  14:58  Drone  
  198  15:01  Spine Crawler x2  
  198  15:03  Baneling  
  198  15:04  Baneling x3  
  167  15:25  Zergling x22  
  167  15:26  Chitinous Plating  
  178  15:30  Corruptor x6  
  198  15:41  Zergling x8  
  198  15:42  Zergling x10  
  199  15:46  Overseer, Zerg Flyer Armor Level 1  
  199  15:47  Pathogen Glands  
  199  15:50  Drone  
  191  16:04  Zergling x2  
  191  16:05  Zergling x16  
  193  16:18  Zerg Melee Weapons Level 3  
  191  16:24  Brood Lord x4  
  199  16:28  Baneling x13  
  199  16:32  Zerg Ground Armor Level 1  
  195  16:43  Neural Parasite  
  195  16:53  Baneling x6  
  195  17:03  Hatchery  
  184  17:25  Infestor x3  
  184  17:26  Infestor  
  190  17:37  Brood Lord x3  
  190  17:50  Brood Lord x6  
  189  17:53  Corruptor x4  
  189  17:54  Corruptor  
  193  18:02  Ravager  
  193  18:03  Ravager x2  
  193  18:05  Zergling x16  
  200  18:18  Zerg Flyer Armor Level 2, Zerg Flyer Weapons Level 2  
  199  18:37  Hatchery  
  198  18:45  Spore Crawler x2  
  198  18:46  Spore Crawler, Baneling x12  
  198  18:47  Spore Crawler  
  194  18:49  Infestor x2  
  198  18:56  Spine Crawler  
  198  18:57  Spine Crawler, Extractor  
  198  18:58  Spine Crawler  
  198  19:00  Spine Crawler  
  198  19:01  Extractor  
  198  19:02  Zergling x6  
  190  19:27  Corruptor x6  
  113  20:01  Zergling x50  
  113  20:10  Roach x13  
  113  20:13  Brood Lord x6  
  144  20:28  Roach Warren  
  144  20:32  Corruptor x6  
  144  20:33  Corruptor x6  
  144  20:35  Infestor x5  
  153  20:40  Hatchery  
  153  21:05  Infestor  
  153  21:06  Infestor  
  155  21:21  Brood Lord x2  
  155  21:22  Brood Lord x4  
  167  21:41  Brood Lord, Hatchery  
  167  21:42  Brood Lord  
  167  21:47  Brood Lord  
  167  21:52  Zergling x12  
  169  22:06  Drone  
  168  22:15  Drone  
  169  22:32  Drone  
  169  22:33  Drone x2  
  169  23:06  Ravager  
  169  23:07  Baneling x11, Overlord  
  169  23:10  Queen x2  
  169  23:11  Zerg Flyer Weapons Level 3  
  169  23:12  Zerg Flyer Armor Level 3  
  174  23:13  Extractor  
  174  23:14  Drone x2  
  174  23:18  Corruptor x2  
  176  23:34  Extractor  
  175  23:44  Drone x2  
  169  24:04  Brood Lord  
  169  24:05  Brood Lord  
  169  24:08  Drone x3  
  169  24:09  Drone x3  
  179  24:21  Brood Lord  
  181  24:28  Drone  
  181  24:29  Spine Crawler  
  181  24:31  Spine Crawler  
  180  24:39  Zergling x8, Roach x3  
  190  24:45  Overlord  
  190  24:51  Overlord  
  174  25:20  Queen x3  
  179  25:25  Hatchery  
  178  25:30  Corruptor x3  
  179  25:47  Corruptor x2  
  179  25:48  Corruptor  
  182  25:50  Zergling x4  
  160  26:14  Drone x4  
  160  26:26  Drone x2  
  159  27:00  Hatchery  
  158  27:28  Corruptor x2  
  162  27:41  Corruptor  
  164  27:56  Corruptor x2  
  168  28:09  Roach  
  47  28:59  Zergling x2, Roach x6  
  34  29:17  Roach  
  29  29:33  Ravager x2  
Tags
 
Add a new tag
Caveats
  • Supply blocks, unpowered buildings, or Contaminate may cause inaccurate times.
  • Supply counts are checked every 10 seconds.